[Event "Late-Titled-Tuesday-Blitz-July-09-2024"]
[Site "Chess.com"]
[Date "2024.07.09"]
[Round "8"]
[White "Aygehovit1992"]
[Black "VladimirKramnik"]
[Result "0-1"]
[WhiteElo "2796"]
[BlackElo "2979"]
[TimeControl "180+1"]
[EndTime "15:28:36 PDT"]
[Termination "VladimirKramnik won on time"]

1. e4 e6 2. d4 d5 3. Nc3 Nf6 4. Bg5 dxe4 5. Nxe4 Nbd7 6. Nf3 h6 7. Nxf6+ Nxf6 8.
Be3 Bd7 9. Bd3 Bc6 10. Qe2 Bxf3 11. Qxf3 Qd5 12. Qxd5 Nxd5 13. Bd2 O-O-O 14. O-O-O c6 15.
Rhe1 g6 16. c3 h5 17. Kc2 Be7 18. a4 a5 19. Re4 Rd7 20. Bf1 Bd8 21. h4 Nf6 22.
Re2 Bc7 23. g3 Nd5 24. Bh3 Kb8 25. Bg5 Nb6 26. b3 Nd5 27. Rd3 Bd8 28. Bd2 Be7 29.
Rf3 Bd6 30. Re4 Rc8 31. c4 Nb4+ 32. Bxb4 Bxb4 33. Ref4 Rcc7 34. Kd3 f5 35. Re3 Bd6 36. Rff3 e5 37. dxe5 Bc5+ 38. Ke2 Bxe3 39. Kxe3 Re7 40. Kf4 Rcd7 41. Re3 Rd2 42. f3 Re6 43. Kg5 Kc7 44. f4 Kd7 45. Kh6 Ke8 46. Kg5 Kf7 47. c5 Rd1 48. Rc3 Re8 49. Bg2 Rg1 50. Bh3 Rd8 51.
Kh6 Rh8+ 52. Kg5 Rd8 53. Re3 Rgd1 54. Bg2 R1d3 55. e6+ Ke7 56. Rxd3 Rxd3 0-1

[Event "Late-Titled-Tuesday-Blitz-July-09-2024"]
[Site "Chess.com"]
[Date "2024.07.09"]
[Round "8"]
[White "AmbartsumianTyhran2012"]
[Black "dropstoneDP"]
[Result "1/2-1/2"]
[WhiteElo "2628"]
[BlackElo "3011"]
[TimeControl "180+1"]
[EndTime "15:28:36 PDT"]
[Termination "Game drawn - insufficient material"]

1. e4 e5 2. Nf3 Nf6 3. Nc3 Nc6 4. d4 exd4 5. Nxd4 Bb4 6. Nxc6 bxc6 7. Bd3 O-O 8. O-O d5 9. exd5 cxd5 10. h3 c6 11. Qf3 Re8 12. Bf4 Bd6 13. Rae1 Rxe1 14.
Rxe1 Be6 15. b3 Bxf4 16. Qxf4 Qa5 17. Qd2 h6 18. Ne4 Qxd2 19. Nxd2 Kf8 20. c4 a5 21.
cxd5 cxd5 22. Nf3 a4 23. Nd4 axb3 24. axb3 Bd7 25. f3 Ra2 26. Re2 Ra1+ 27. Kf2 Nh5 28. Ke3 Ke7 29. g4 Nf6 30. b4 Kd6 31. Rb2 Rh1 32.
b5 Rxh3 33. b6 Bxg4 34. b7 Nd7 35. b8=Q+ Nxb8 36. Rxb8 g5 37. Rb6+ Kd7 38. Kf2 Be6 39. Bf5 Bxf5 40. Nxf5 h5 41. Rd6+ Kc7 42. Rxd5 g4 43.
fxg4 hxg4 44. Kg2 Kc6 45. Rd4 Rf3 46. Nh4 Ra3 47. Rxg4 Kd5 48. Rf4 Ke6 49. Nf3 f6 50. Rb4 Kf7 51. Kg3 Kg6 52. Kg4 Ra5 53. Nh4+ Kf7 54.
Rb7+ Ke6 55. Rb6+ Kf7 56. Nf5 Ra4+ 57. Kf3 Ra3+ 58. Ke4 Ra4+ 59. Nd4 Kg6 60. Rb8 Kf7 61. Kd5 Ra5+ 62. Kd6 Ra6+ 63. Nc6 Ra1 64. Rb7+ Kg6 65.
Ne7+ Kf7 66. Nd5+ Kg6 67. Rb2 Rd1 68. Rg2+ Kf5 69. Rf2+ Ke4 70. Ke6 Rxd5 71. Re2+ Kf3 72. Kxd5 Kxe2 73. Ke6 f5 74. Kxf5 1/2-1/2

[Event "Late-Titled-Tuesday-Blitz-July-09-2024"]
[Site "Chess.com"]
[Date "2024.07.09"]
[Round "8"]
[White "GilbertoHernandezAmura"]
[Black "LikeWater"]
[Result "1-0"]
[WhiteElo "2526"]
[BlackElo "2658"]
[TimeControl "180+1"]
[EndTime "15:28:36 PDT"]
[Termination "GilbertoHernandezAmura won by checkmate"]

1. e4 c5 2. Nf3 e6 3. b3 a6 4.
Bb2 Nc6 5. d4 cxd4 6. Nxd4 Qf6 7. c3 Bc5 8. Qd2 Nge7 9. Be2 e5 10. Nf3 d6 11. O-O h6 12. Rd1 Be6 13. c4 g5 14.
Bd3 Bg4 15. Be2 Ng6 16. Nc3 Bxf3 17. Nd5 Qd8 18. Bxf3 h5 19. b4 Bd4 20. b5 axb5 21.
cxb5 Bxb2 22. bxc6 bxc6 23. Qxb2 cxd5 24. Rxd5 Nf4 25. Rd2 g4 26. Be2 Ke7 27. Rad1 Rh6 28. Qb7+ Kf8 29. Bc4 Rf6 30. Rxd6 Qc8 31. Qxc8+ Rxc8 32. Rxf6 Rxc4 33. Ra1 Rc2 34. a4 h4 35. g3 Ne2+ 36. Kf1 Nd4 37. a5 Nf3 38. Kg2 h3+ 39.
Kf1 Nxh2+ 40. Ke1 Nf3+ 41. Kd1 Rd2+ 42. Kc1 h2 43. Rh6 Kg7 44. Rh5 Kg6 45. Rh8 Rxf2 46. a6 Rf1+ 47. Kb2 Rxa1 48. Kxa1 Ng5 49. Rxh2 Nxe4 50.
a7 Nxg3 51. a8=Q Nf5 52. Qe4 Kg5 53. Rg2 Nh6 54. Qxe5+ f5 55. Rf2 Kg6 56. Qf4 Kg7 57. Rh2 Nf7 58. Qxf5 g3 59. Rh7+ Kg8 60. Qxf7# 1-0

[Event "Late-Titled-Tuesday-Blitz-July-09-2024"]
[Site "Chess.com"]
[Date "2024.07.09"]
[Round "8"]
[White "Mikhail_Golubev"]
[Black "cthulhuuu"]
[Result "1-0"]
[WhiteElo "2633"]
[BlackElo "2475"]
[TimeControl "180+1"]
[EndTime "15:28:38 PDT"]
[Termination "Mikhail_Golubev won on time"]

1. e4 d6 2. d4 Nf6 3. Nc3 c6 4. f4 Qb6 5. a3 e5 6. Nf3 Bg4 7. Be3 Nbd7 8. Be2 Bxf3 9. gxf3 Be7 10. fxe5 dxe5 11. Qd2 Qxb2 12. Ra2 Nxe4 13. fxe4 Bh4+ 14. Kf1 Qb6 15. dxe5 Qa5 16. Kg2 Nxe5 17. Bd4 Rd8 18. Qe3 Bf6 19. Bxa7 Nd7 20. Bd4 Bxd4 21. Qxd4 Ne5 22. Qe3 O-O 23. Rf1 Rd6 24. Raa1 Rg6+ 25. Kh1 Re8 26. Rad1 h6 27. a4 Qb4 28. Rg1 Rf6 29.
Qg3 Rg6 30. Qe3 Rge6 31. Rdf1 Qd6 32. Qg3 Rg6 33. Qf4 Rf6 34. Qg3 Rg6 35. Qe3 Rxg1+ 36. Rxg1 Ng6 37. Qg3 Qc5 38. Qf3 Qe5 39. Qg3 Qc5 40. Rf1 Ne5 41. Qh3 Qd4 42. Qg3 Ng6 43. Qh3 Re5 44. Qg3 Re7 45. Qf3 Kh7 46. Qf2 Qe5 47. Qf3 Rd7 48. Bc4 f6 49. Bb3 Rd2 50. Ne2 Qb2 51. Ng3 Ne5 52. Qf5+ 1-0

[Event "Late-Titled-Tuesday-Blitz-July-09-2024"]
[Site "Chess.com"]
[Date "2024.07.09"]
[Round "8"]
[White "Keaton87"]
[Black "David_George21"]
[Result "1-0"]
[WhiteElo "2654"]
[BlackElo "2480"]
[TimeControl "180+1"]
[EndTime "15:28:39 PDT"]
[Termination "Keaton87 won on time"]

1. d4 Nf6 2. Nf3 e6 3. Bg5 d5 4. e3 Nbd7 5. Nbd2 h6 6. Bh4 c5 7. c3 Bd6 8. Bd3 O-O 9. O-O Qc7 10. c4 cxd4 11. Nxd4 Bxh2+ 12. Kh1 Be5 13. Rc1 Qb8 14. f4 Bd6 15. cxd5 Nxd5 16. Qe2 e5 17. Nf5 exf4 18. Ne4 Be5 19. Bc4 N7b6 20. Ne7+ Nxe7 21. Bxe7 Re8 22. exf4 Bxf4 23. Rxf4 Qxf4 24. Rf1 Bg4 25. Qd3 Qe5 26. Bxf7+ Kh8 27. Nf6 Bf5 28. Rxf5 Qxe7 29. Rf1 gxf6 30.
Qg6 Qf8 31. Rxf6 Qg7 32. Bxe8 Qxg6 33. Bxg6 Kg7 34. Rd6 Rc8 35. Be4 Rc1+ 36. Kh2 Ra1 37.
a3 Ra2 38. Rd2 Nc4 39. Rd7+ Kf6 40. Rxb7 Rxb2 41. Rxa7 Ra2 42. Bd5 Rxa3 43. Rf7+ Kg5 44. Bxc4 Ra4 45. Bd5 Ra5 46. Bf3 h5 47. Rd7 Ra4 48.
Rd5+ Kf6 49. Rxh5 Kg6 50. Rb5 Ra3 51. Rc5 Re3 52. Kg3 Ra3 53. Kf4 Ra4+ 54. Be4+ Kf6 55. g4 Ra1 56. g5+ Kg7 57. Ke5 Rf1 58. Rc7+ Kg8 59.
Bf5 1-0

[Event "Late-Titled-Tuesday-Blitz-July-09-2024"]
[Site "Chess.com"]
[Date "2024.07.09"]
[Round "8"]
[White "FMalexhdez"]
[Black "Al_Shima"]
[Result "0-1"]
[WhiteElo "2273"]
[BlackElo "2492"]
[TimeControl "180+1"]
[EndTime "15:28:40 PDT"]
[Termination "Al_Shima won on time"]

1. e4 d5 2. exd5 Nf6 3. Nc3 Nxd5 4. d3 g6 5. g3 Bg7 6. Bd2 O-O 7. Bg2 c6 8. Nf3 Nd7 9. O-O N7f6 10. Re1 Bd7 11.
Ne4 Re8 12. a3 b6 13. Rb1 Qc8 14. b4 Bh3 15. c4 Nxe4 16. Rxe4 Bxg2 17. Kxg2 Nf6 18.
Re1 e6 19. Qe2 Qa6 20. Bc1 b5 21. Bb2 Rad8 22. c5 Qa4 23. Ng5 Rd5 24. Ne4 Nxe4 25. dxe4 Rd7 26. Bxg7 Kxg7 27. Qb2+ e5 28. Re3 Rd4 29.
Rbe1 Red8 30. R3e2 f6 31. f4 a5 32. fxe5 fxe5 33.
h4 axb4 34. axb4 Qxb4 35. Qxb4 Rxb4 36. Ra1 Rd7 37. Ra6 Rc7 38. Rb6 Rc4 39. Rd2 Rxc5 40. Rb8 Rc4 41. Rd6 Rd4 42. Re6 Rxe4 43. Ree8 Rd4 44.
Rg8+ Kf6 45. Rgf8+ Ke6 46. Rbe8+ Kd6 47. Rf6+ Kc5 48.
Rxe5+ Kb6 49. Ree6 Rc4 50. h5 b4 51. hxg6 hxg6 52.
Rxg6 b3 53. Re2 Rb4 54. Rb2 Kb5 55. Rf6 c5 56. Rff2 c4 57. g4 c3 58. Rbe2 b2 59.
Rf5+ Rc5 60. Rxc5+ Kxc5 0-1

[Event "Late-Titled-Tuesday-Blitz-July-09-2024"]
[Site "Chess.com"]
[Date "2024.07.09"]
[Round "8"]
[White "Slovak_fighter2000"]
[Black "ChessBrainiacOnTwitch"]
[Result "0-1"]
[WhiteElo "2556"]
[BlackElo "2800"]
[TimeControl "180+1"]
[EndTime "15:28:41 PDT"]
[Termination "ChessBrainiacOnTwitch won by checkmate"]

1. d4 Nf6 2. Nf3 e6 3. c4 d5 4.
Nc3 dxc4 5. e4 b5 6. e5 Nd5 7. Nxb5 Nb6 8. Be2 Nc6 9. Qd2 Be7 10. Qf4 Bb7 11. Nc3 Nb4 12. O-O Qd7 13. Rd1 h6 14. Qg4 g5 15. Qh5 O-O-O 16. Be3 Rdg8 17. Nd2 Nc2 18.
Rac1 Nxd4 19. Nxc4 Nxe2+ 20. Qxe2 Qc6 21. Nxb6+ axb6 22. Nd5 exd5 23. Rxc6 Bxc6 24. Qa6+ Bb7 25. Qa7 Rg6 26. Rc1 Rd8 27. Bxb6 Rd7 28. Qa5 Bd8 29.
Bd4 Ra6 30. Qc3 Rxa2 31. h3 Ra4 32. b4 Ra6 33. b5 Ra4 34. b6 Rc4 35. Qa1 cxb6 36.
Rd1 Bc7 37. Qb1 Rc6 38. Qf5 Re6 39. Rc1 Kb8 40. Qc2 Rc6 41. Qb2 Rxc1+ 42. Qxc1 Re7 43. Qb2 Re6 44. Qc3 Rc6 45. Qf3 f6 46. Qe3 Re6 47.
f4 gxf4 48. Qxf4 fxe5 49. Qf8+ Bc8 50. Bf2 d4 51. Qb4 Rc6 52. Qb5 Kb7 53. g4 Rc5 54.
Qb1 Bd7 55. Kg2 Bc6+ 56. Kg3 Rc3+ 57. Kh4 Rf3 58. Bg1 d3 59. Qd1 e4 60. Kh5 Rf6 61.
h4 Be8# 0-1

[Event "Late-Titled-Tuesday-Blitz-July-09-2024"]
[Site "Chess.com"]
[Date "2024.07.09"]
[Round "8"]
[White "zacachess"]
[Black "BardArtem"]
[Result "0-1"]
[WhiteElo "2488"]
[BlackElo "2785"]
[TimeControl "180+1"]
[EndTime "15:28:43 PDT"]
[Termination "BardArtem won on time"]

1. e4 e5 2. Nf3 Nc6 3. d4 exd4 4.
Nxd4 Bb4+ 5. c3 Bc5 6. Be3 Bb6 7.
Nf5 Bxe3 8. Nxe3 Nf6 9. f3 O-O 10. c4 d6 11. Nc3 Nd7 12. Be2 Nc5 13. O-O f5 14. exf5 Bxf5 15. Nxf5 Rxf5 16. f4 Kh8 17. Qd2 Qf6 18. Bg4 h6 19. Nd5 Rxd5 20. cxd5 Ne7 21.
Rae1 Rf8 22. b4 Na6 23. a3 Qf7 24. Re6 Nb8 25. Rfe1 Ng8 26. g3 Nd7 27. R6e2 Nb6 28. Be6 Qf6 29. Qb2 Qxb2 30. Rxb2 Nf6 31. Rd1 Nc4 32. Rb3 g5 33. Rc3 b5 34. a4 a6 35.
axb5 axb5 36. Ra1 gxf4 37. gxf4 Ne4 38. Rf3 Ncd2 39. Rh3 Rxf4 40. Ra7 Rf1+ 41. Kg2 Rf2+ 42. Kg1 Nf3+ 43. Rxf3 Rxf3 44. Rxc7 Rb3 45. Bf5 Nf6 46. Rc6 Nxd5 47. Rxd6 Ne3 48. Rxh6+ Kg7 49. Rh7+ Kf6 50. Bh3 Rxb4 51. Rb7 Rb2 52. Bd7 b4 53. h4 b3 54. Ba4 Rg2+ 55. Kh1 b2 0-1

[Event "Late-Titled-Tuesday-Blitz-July-09-2024"]
[Site "Chess.com"]
[Date "2024.07.09"]
[Round "8"]
[White "Indefatigable11"]
[Black "UB_TheQueen"]
[Result "1-0"]
[WhiteElo "2417"]
[BlackElo "2111"]
[TimeControl "180+1"]
[EndTime "15:28:46 PDT"]
[Termination "Indefatigable11 won by checkmate"]

1. d4 Nf6 2. c4 g6 3. Nc3 Bg7 4.
e4 O-O 5. Be2 d6 6. Be3 e5 7. d5 Nbd7 8. g4 Nc5 9. f3 a5 10. h4 c6 11. Qd2 cxd5 12. cxd5 h5 13. g5 Nfd7 14. Nh3 Nb6 15. O-O-O Bd7 16. Nf2 Rc8 17.
Kb1 Nca4 18. Rc1 Nc4 19. Bxc4 Rxc4 20. Nxa4 Rxa4 21. Nd3 f5 22. gxf6 Qxf6 23. Rcf1 Bb5 24. Rhg1 Kh7 25. Rg5 Rxe4 26. Rfg1 Qxf3 27. Rxg6 Rf7 28.
R6g3 Qf6 29. Nf2 Rxe3 30. Qxe3 e4 31. Qxe4+ Kh8 32. Nd1 Re7 33. Qf3 Qd4 34. Qxh5+ Kg8 35. Qg5 Re2 36. Qxg7+ Qxg7 37. Rxg7+ Kf8 38. Rg8+ Kf7 39.
Nc3 Bd3+ 40. Ka1 Rh2 41. R8g7+ Kf6 42. Rxb7 Ke5 43. Re7+ Kd4 44. a3 Rxh4 45. Re6 a4 46. Rxd6 Bc4 47. Re6 Rh2 48. Re4+ Kd3 49. d6 Bd5 50. d7 Bxe4 51. d8=Q+ Ke3 52. Qe7 Rf2 53. Qxe4+ Kd2 54. Qb1 Ke3 55. Qc1+ Rd2 56. Re1+ Kf4 57. Qxd2+ Kf5 58. Qe3 Kf6 59. Nxa4 Kf7 60. Nc3 Kf6 61. a4 Kf7 62. a5 Kf6 63. a6 Kf7 64. a7 Kf6 65. a8=Q Kf7 66. Qaf3+ Kg7 67. Qef4 Kh7 68.
Q4g4 Kh8 69. Qfh3# 1-0

[Event "Late-Titled-Tuesday-Blitz-July-09-2024"]
[Site "Chess.com"]
[Date "2024.07.09"]
[Round "8"]
[White "SharathRk6"]
[Black "TC2304"]
[Result "1/2-1/2"]
[WhiteElo "2432"]
[BlackElo "2352"]
[TimeControl "180+1"]
[EndTime "15:28:46 PDT"]
[Termination "Game drawn - insufficient material"]

1. e4 e6 2. d4 d5 3. e5 c5 4. c3 Ne7 5. Nf3 b6 6. Na3 Qd7 7. dxc5 bxc5 8. Be3 Nec6 9. Be2 Ba6 10. O-O Be7 11.
Bxa6 Nxa6 12. Qa4 Nc7 13. Qg4 g6 14. Bh6 Rb8 15. b3 c4 16. b4 a6 17. Nc2 Nb5 18. Bd2 h5 19. Qg3 d4 20. cxd4 Nbxd4 21. Ncxd4 Nxd4 22.
Nxd4 Qxd4 23. Bc3 Qg4 24. Qxg4 hxg4 25. a3 Kd7 26. Rad1+ Kc6 27. Rd4 Kb5 28. Rxg4 Rbd8 29.
Ra1 Kb6 30. Rxc4 Rc8 31. Bd4+ Kb5 32. Rc3 Rxc3 33. Bxc3 Kc4 34. Rc1 Kb3 35. Bd4 Rd8 36.
Bc5 Bg5 37. Be3 Bxe3 38. fxe3 Kxa3 39. Ra1+ Kxb4 40. Rxa6 Rd7 41. Rd6 Rc7 42. Kf2 Kc5 43. Kf3 Ra7 44. h4 Ra1 45. Rd7 Rh1 46. Kg3 Rf1 47. Kg4 Kc4 48. Kg5 Rf2 49. g4 Rf3 50.
h5 gxh5 51. gxh5 Rxe3 52. Kf6 Rf3+ 53. Kg7 Rf5 54. h6 Rxe5 55. h7 Rh5 56. Rxf7 e5 57. h8=Q Rxh8 58. Kxh8 e4 59. Kg7 e3 60. Re7 Kd3 61. Kf6 e2 62. Kf5 Kd2 63. Rd7+ Kc1 64. Re7 Kd1 65. Rxe2 Kxe2 1/2-1/2

[Event "Late-Titled-Tuesday-Blitz-July-09-2024"]
[Site "Chess.com"]
[Date "2024.07.09"]
[Round "8"]
[White "adrivillu"]
[Black "AlejandroArias"]
[Result "0-1"]
[WhiteElo "2412"]
[BlackElo "2341"]
[TimeControl "180+1"]
[EndTime "15:28:47 PDT"]
[Termination "AlejandroArias won by checkmate"]

1. e4 c5 2. Nf3 Nc6 3. d4 cxd4 4. Nxd4 g6 5. Nc3 Bg7 6. Be3 Nf6 7. Bc4 Qa5 8. O-O O-O 9. Bb3 d6 10. h3 Bd7 11. f4 Nxd4 12. Bxd4 Qh5 13. Qd3 e5 14.
Be3 Bc6 15. Nd5 Bxd5 16. exd5 Nd7 17. f5 e4 18. Qxe4 Rae8 19. Qd3 Bxb2 20. Rae1 Be5 21. fxg6 hxg6 22. Ba4 Re7 23. Bxa7 Ra8 24. Bxd7 Rxa7 25. Bg4 Qh4 26. g3 Qg5 27. a3 Rc7 28. Kg2 Rc3 29. Qb5 Rxg3+ 30. Kh1 Ra8 31. Qxb7 Rf8 32. Rxf7 Rxf7 33.
Be6 Rf3 34. Bxf7+ Rxf7 35. Qc8+ Kg7 36. Qg4 Qd2 37. Re2 Qd1+ 38. Kg2 Qxd5+ 39. Qe4 Qxe4+ 40. Rxe4 Rc7 41. c4 Kf6 42. Kf3 Kf5 43. Rg4 Ra7 44.
Rg2 Rxa3+ 45. Kf2 Ra2+ 46. Kf3 Rxg2 47. Kxg2 Ke4 48. h4 Kf4 49. Kh3 Bf6 50. h5 gxh5 51. Kg2 Ke4 52. Kh3 h4 53. Kg4 Kd4 54. Kf5 Bd8 55. Ke6 Kxc4 56. Kxd6 h3 57. Ke5 h2 58.
Ke4 h1=Q+ 59. Kf4 Bc7+ 60. Kf5 Qf3+ 61. Kg6 Qg4+ 62. Kf6 Bd8+ 63. Ke5 Bc7+ 64. Kf6 Kd5 65. Ke7 Qe6+ 66. Kf8 Qd7 67. Kg8 Ke6 68. Kh8 Be5+ 69.
Kg8 Qg7# 0-1

[Event "Late-Titled-Tuesday-Blitz-July-09-2024"]
[Site "Chess.com"]
[Date "2024.07.09"]
[Round "8"]
[White "hakanazeri2"]
[Black "malakismayil"]
[Result "0-1"]
[WhiteElo "2662"]
[BlackElo "2541"]
[TimeControl "180+1"]
[EndTime "15:28:51 PDT"]
[Termination "malakismayil won by resignation"]

1. e4 e5 2. Nf3 Nc6 3. Bb5 a6 4.
Ba4 Nf6 5. O-O b5 6. Bb3 Be7 7. d3 O-O 8. a4 b4 9. Re1 d6 10. h3 Na5 11. Ba2 c5 12. Nbd2 h6 13. Nc4 Nc6 14. Ne3 Be6 15. Nd5 Bxd5 16. exd5 Nb8 17.
Bc4 a5 18. c3 Nbd7 19. d4 exd4 20. cxd4 Nb6 21. Qb3 Rc8 22. Bd2 cxd4 23. Rac1 Rc5 24. Nxd4 Re8 25. Bb5 Rxb5 26. axb5 Nfxd5 27. Nc6 Qd7 28. Be3 a4 29. Qd3 Bf6 30. Bxb6 Nxb6 31. Rxe8+ Qxe8 32.
Nxb4 Bxb2 33. Rc6 Qe1+ 34. Qf1 Qxb4 35. Rxb6 a3 36. Rb8+ Kh7 37. Ra8 Be5 38. g3 Qb3 39. b6 a2 40. b7 a1=Q 41. Qxa1 Bxa1 42. b8=Q Qd1+ 43. Kh2 Be5 44. Qc8 Qf3 45. Qc2+ g6 46.
Ra2 h5 47. Qe2 Qf6 48. Kg2 Qe6 49. Qf3 Qxa2 50. Qe4 Qe6 51. Qf3 Qf5 52. Qb7 h4 53. f4 Bg7 54. Kf3 Qe6 55. g4 d5 56.
Qc7 Qe4+ 57. Kf2 Bd4+ 58. Kf1 Qf3+ 59. Ke1 Bc3+ 0-1

[Event "Late-Titled-Tuesday-Blitz-July-09-2024"]
[Site "Chess.com"]
[Date "2024.07.09"]
[Round "8"]
[White "IngOscarArdila"]
[Black "miraitrunks"]
[Result "0-1"]
[WhiteElo "2278"]
[BlackElo "2040"]
[TimeControl "180+1"]
[EndTime "15:28:51 PDT"]
[Termination "miraitrunks won on time"]

1. d4 Nf6 2. c4 e5 3. dxe5 Ng4 4. Nf3 Bc5 5. e3 Nc6 6. Nbd2 Ngxe5 7. Be2 d6 8. O-O O-O 9. Qc2 Qf6 10. Ne4 Qg6 11.
Qb1 Bf5 12. Nfd2 Rfe8 13. Kh1 Nxc4 14. Bxc4 Rxe4 15. Bd3 Rf4 16. Bxf5 Rxf5 17. Ne4 Rh5 18.
Nxc5 Qxb1 19. Rxb1 Rxc5 20. Bd2 Re8 21. Bc3 Ne5 22.
Rbd1 Nc4 23. Bd4 Rc6 24. b3 Ne5 25. Rd2 Nd7 26. Rfd1 Re4 27. f3 Rh4 28. g3 Rh5 29. e4 f6 30. Kg2 Kf7 31. Be3 Ra5 32. h4 Rca6 33. a4 Rc6 34. Kf2 Rc3 35. Rd3 Rc2+ 36. R1d2 Rc1 37. Rb2 Rh1 38. Kg2 Re1 39. Bf2 Rc1 40. Be3 Rc6 41. Rbd2 b5 42. Rd5 Rc3 43. R2d3 Rxd3 44. Rxd3 bxa4 45. bxa4 Rxa4 46. Rc3 c5 47.
Bf4 Ke6 48. Rd3 Rd4 49. Ra3 c4 50. Rxa7 c3 51. Rc7 Nc5 52. Kf2 c2 53. Ke2 Rd1 54.
Be3 Rb1 55. f4 c1=Q 56. Bxc1 Rxc1 57. f5+ Ke5 58. Rxg7 Nxe4 59. Rxh7 Kxf5 60. Ke3 Nxg3 61. h5 Rh1 62. h6 Rh3 63. Kf3 Ne4+ 64. Kg2 Rh5 65. Rh8 Ng5 0-1

[Event "Late-Titled-Tuesday-Blitz-July-09-2024"]
[Site "Chess.com"]
[Date "2024.07.09"]
[Round "8"]
[White "gamboajp"]
[Black "AsaHoffmann"]
[Result "1-0"]
[WhiteElo "2185"]
[BlackElo "2374"]
[TimeControl "180+1"]
[EndTime "15:28:54 PDT"]
[Termination "gamboajp won by checkmate"]

1. c4 Nf6 2. Nc3 d6 3. e4 c6 4. g3 e5 5. Bg2 Be6 6. d3 d5 7. exd5 cxd5 8. Bg5 Bb4 9. Qa4+ Nc6 10. Bxf6 gxf6 11. Ne2 O-O 12. cxd5 Bxd5 13. O-O Bxg2 14. Kxg2 Bxc3 15. Nxc3 Qxd3 16. Ne4 Kg7 17. Rad1 Qa6 18.
Qxa6 bxa6 19. Nxf6 Kxf6 20. Rd6+ Kf5 21. Rxc6 Rab8 22.
b3 Rb6 23. Rc7 f6 24. Rxh7 Rc8 25. Rxa7 Rc2 26. Ra1 Rd6 27. a4 Rdd2 28. Rf1 e4 29. Re7 Rb2 30. h3 Rxb3 31. g4+ Kf4 32. Re1 Rb4 33.
Re6 f5 34. Rf6 Rd5 35. Rxa6 fxg4 36. hxg4 Kxg4 37. Re6 Kf5 38. Re8 Rxa4 39. Rf8+ Kg5 40. Kg3 Rd3+ 41. Re3 Rxe3+ 42. fxe3 Rb4 43. Rf4 Rb5 44. Rg4+ Kf5 45. Rh4 Rb3 46. Kf2 Rb2+ 47. Kg3 Re2 48. Rh5+ Ke6 49. Kf4 Rf2+ 50. Kxe4 Ra2 51.
Rh6+ Ke7 52. Kf5 Ra5+ 53. Kf4 Ra4+ 54. e4 Ra5 55. e5 Rb5 56. Kf5 Rb1 57. Rh7+ Kf8 58.
Kf6 Rf1+ 59. Ke6 Kg8 60. Ra7 Re1 61. Ra8+ Kg7 62. Ra7+ Kg6 63. Kd6 Rd1+ 64. Ke7 Re1 65. e6 Kf5 66. Ra5+ Kg6 67. Kd7 Rd1+ 68. Ke8 Re1 69. e7 Kf6 70. Ra6+ Kg7 71. Rd6 Re3 72. Rd2 Ra3 73. Rg2+ Kf6 74. Rf2+ Ke6 75. Kf8 Ra8+ 76.
e8=Q+ Rxe8+ 77. Kxe8 Kd6 78. Rf7 Ke6 79. Re7+ Kd6 80.
Kd8 Kc6 81. Rd7 Kb6 82. Rc7 Ka6 83. Kd7 Kb6 84. Kd6 Kb5 85. Kd5 Kb6 86. Rd7 Kb5 87.
Rb7+ Ka6 88. Kc6 Ka5 89. Kc5 Ka4 90. Rb8 Ka3 91. Kc4 Ka2 92. Kc3 Ka1 93. Kc2 Ka2 94.
Ra8# 1-0

[Event "Late-Titled-Tuesday-Blitz-July-09-2024"]
[Site "Chess.com"]
[Date "2024.07.09"]
[Round "8"]
[White "i_like_explosions"]
[Black "Mops_2004"]
[Result "1/2-1/2"]
[WhiteElo "2559"]
[BlackElo "2735"]
[TimeControl "180+1"]
[EndTime "15:28:58 PDT"]
[Termination "Game drawn - insufficient material"]

1. d4 f5 2. g3 Nf6 3. Bg2 g6 4. c4 d6 5. Nc3 Bg7 6. Nf3 O-O 7. O-O c6 8. b3 Qc7 9. Qc2 e5 10. dxe5 dxe5 11. Ba3 Re8 12. e4 f4 13. Rad1 Bf8 14. Bxf8 Kxf8 15. gxf4 exf4 16. e5 Ng4 17. Qe4 Nxe5 18. Qxf4+ Qf7 19. Qh6+ Qg7 20. Qxg7+ Kxg7 21. Nxe5 Rxe5 22. Rd8 Nd7 23. f4 Re3 24. Ne4 Nb6 25. c5 Bf5 26. Rxa8 Nxa8 27. Nd6 Nc7 28. Nxb7 Ne6 29.
Bxc6 Rc3 30. b4 Nd4 31. Bd5 Ne2+ 32. Kf2 Rc2 33. Bb3 Rb2 34. Ke3 Nc3 35. Rc1 Nb5 36. Nd6 Nc7 37. b5 Rxh2 38. b6 Rh3+ 39. Kd4 axb6 40.
cxb6 Na6 41. Bc4 Ra3 42. Bxa6 Rxa6 43. Kc5 Ra5+ 44. Kc6 Rxa2 45. b7 Rb2 46. Nb5 Be4+ 47. Kb6 Bxb7 48. Rc7+ Kf6 49. Rxb7 h5 50. Kc5 Rf2 51.
Nc3 Kf5 52. Nd5 h4 53. Rh7 Kg4 54. Kd4 h3 55. Ke4 h2 56. Ne3+ Kg3 57. Rh6 Re2 58. Rxg6+ Kf2 59. Rg2+ Ke1 60. Rxh2 Rxh2 61. f5 Rf2 62. Ng4 Re2+ 63. Kf4 Ra2 64. f6 Ra7 65. Kf5 Ke2 66. Ne5 Ke3 67. f7 Rxf7+ 68. Nxf7 1/2-1/2

[Event "Late-Titled-Tuesday-Blitz-July-09-2024"]
[Site "Chess.com"]
[Date "2024.07.09"]
[Round "8"]
[White "PapaieDudu"]
[Black "flaviorcb"]
[Result "1-0"]
[WhiteElo "2408"]
[BlackElo "2194"]
[TimeControl "180+1"]
[EndTime "15:28:59 PDT"]
[Termination "PapaieDudu won on time"]

1. e4 c5 2. Nf3 g6 3. d4 cxd4 4.
Nxd4 Nc6 5. Nc3 Bg7 6. Be3 Nf6 7. Bc4 O-O 8. Bb3 a5 9. f3 d6 10. Qd2 d5 11. exd5 Nb4 12. Nde2 Bf5 13. a3 a4 14. Bc4 Nxc2+ 15. Kf2 Nxa1 16. Rxa1 e6 17. dxe6 Qxd2 18. exf7+ Kh8 19. Bxd2 Rac8 20. Ba2 Rcd8 21. Be3 Bc2 22. Bc5 Bb3 23. Bxb3 axb3 24. Bxf8 Rxf8 25. Nd4 Rxf7 26. Nxb3 Rd7 27. Rd1 Rxd1 28. Nxd1 Nd5 29. Nc5 b6 30. Ne6 Be5 31. g3 Kg8 32. f4 Bf6 33. g4 h6 34. f5 Kf7 35. Kf3 h5 36. h3 hxg4+ 37. hxg4 gxf5 38. gxf5 Ne7 39. Ke4 Nc6 40. a4 Na5 41. b4 Nc4 42. Ne3 Nd6+ 43. Kd5 Be7 44. Nc4 Nxf5 45. b5 Bb4 46. Nxb6 Ne7+ 47. Ke5 Bc3+ 48.
Nd4 Ke8 49. Nd5 Ng6+ 50. Ke4 Ba5 51. Nc6 Be1 52. b6 Kd7 53. b7 Bg3 54. b8=Q Bxb8 55. Nxb8+ Kc8 56. Nc6 Kb7 57. Nd4 Ka6 58. Nb3 Nf8 59. Ke5 Ka7 60. Kd6 Ng6 61. Nc5 1-0

[Event "Late-Titled-Tuesday-Blitz-July-09-2024"]
[Site "Chess.com"]
[Date "2024.07.09"]
[Round "8"]
[White "Robert_Oros"]
[Black "NovoselovRoman"]
[Result "1/2-1/2"]
[WhiteElo "2346"]
[BlackElo "2567"]
[TimeControl "180+1"]
[EndTime "15:29:00 PDT"]
[Termination "Game drawn - insufficient material"]

1. d4 d5 2. c4 e6 3. Nc3 Nf6 4. cxd5 exd5 5. Bg5 Be7 6. e3 O-O 7. Qc2 Nbd7 8. Bd3 c6 9. Nge2 Re8 10. O-O Nf8 11. Rad1 Bd6 12. Bf4 Bg4 13. f3 Bh5 14. Bxd6 Qxd6 15. Ng3 Rxe3 16. Nf5 Qe6 17. Nxe3 Qxe3+ 18.
Qf2 Qe7 19. Rde1 Qb4 20. Re5 Ne6 21. g4 Bg6 22. Bxg6 hxg6 23. Rd1 a5 24. Qd2 Qd6 25. Ne2 a4 26. a3 Ra6 27. Re3 Rb6 28. Rc3 Nh7 29. Rc2 Rb3 30. Kg2 Nhg5 31. Rc3 Rxc3 32. Qxc3 f5 33. h4 Nf7 34. g5 Nf4+ 35.
Nxf4 Qxf4 36. Qe1 Kh7 37. Qe6 Nd6 38. Qe5 Qxe5 39. dxe5 Nc4 40. Re1 Kg8 41. Re2 Kf7 42. f4 Ke6 43. Kf3 d4 44. Rc2 b5 45. Ke2 Kd5 46. Kd3 Ne3 47. Re2 c5 48. Rh2 c4+ 49. Ke2 Ke6 50. h5 gxh5 51. Rxh5 Nd5 52. Kf3 b4 53. axb4 Nxb4 54. Rh8 c3 55. bxc3 dxc3 56.
Rc8 c2 57. Ke2 a3 58. Kd2 a2 59. Ra8 Kd5 60. Ra4 g6 61. Ra5+ Ke6 62. Ra4 c1=Q+ 63. Kxc1 Nd3+ 64. Kd2 Nxf4 65. Rxa2 Kxe5 66. Ra6 Ne6 67.
Ra5+ Kf4 68. Ra6 Nxg5 69. Rxg6 Nf3+ 70. Kd1 Ke3 71. Rf6 f4 72. Rxf4 Kxf4 1/2-1/2

[Event "Late-Titled-Tuesday-Blitz-July-09-2024"]
[Site "Chess.com"]
[Date "2024.07.09"]
[Round "8"]
[White "GHANDEEVAM2003"]
[Black "SpeedofLight0"]
[Result "1-0"]
[WhiteElo "3180"]
[BlackElo "3128"]
[TimeControl "180+1"]
[EndTime "15:29:03 PDT"]
[Termination "GHANDEEVAM2003 won by resignation"]

1. e4 e5 2. Nf3 Nc6 3. Bc4 Nf6 4.
d3 Bc5 5. c3 d6 6. O-O a6 7. a4 Ba7 8. Nbd2 Nh5 9. b4 Qf6 10. b5 Ne7 11. d4 Nf4 12. Ba3 Neg6 13. bxa6 bxa6 14. g3 Nh3+ 15. Kg2 h5 16. Bd5 Rb8 17.
Bc6+ Kf8 18. dxe5 Nxe5 19. Nxe5 Nxf2 20. Rxf2 Qxf2+ 21. Kh1 h4 22. g4 Kg8 23. Nd3 Qe3 24. Nc4 Qg5 25. h3 Be6 26. Bc1 Qf6 27. e5 dxe5 28.
Ncxe5 Rd8 29. Qe2 Bc4 30. Bg2 Bxd3 31. Nxd3 Qxc3 32. Ra3 Qc4 33. Bb2 Rh6 34. Rc3 Qa2 35. Rxc7 Qb1+ 36. Rc1 Qa2 37. Qe7 Bb6 38. Qg5 Rg6 39.
Qf5 Rxd3 40. Qxd3 Qxb2 41. Rc8+ Kh7 42. Be4 Qa1+ 43. Qb1 Qd4 44. Rc6 Bd8 45. Bxg6+ fxg6 46. Qxg6+ Kg8 47. Qe8+ Kh7 48. Qg6+ Kg8 49. Qe6+ Kh7 50. Rd6 Qa1+ 51. Kg2 Bf6 52. Qe4+ Kg8 53. Qd5+ Kh7 54. g5 Qb2+ 55. Kf3 Qc3+ 56. Qd3+ Qxd3+ 57. Rxd3 Bxg5 58. Rd6 a5 59. Rd5 Bf6 60. Rxa5 Kg6 61. Rd5 Kf7 62. a5 Ke6 63. Ke4 g5 64. a6 g4 65. a7 1-0